 Dungeon Crawl Stone Soup version 0.30-b1-2-g02819fbbbe (webtiles) character file.

Game seed: 4984365843594687743

80278 magipi the Frost Mage (level 15, 0/92 HPs)
             Began as a Gargoyle Earth Elementalist on May 28, 2023.
             Was a High Priest of Vehumet.
             Killed from afar by a fire giant (68 damage)
             ... with a bolt of fire
             ... on level 13 of the Dungeon on May 29, 2023.
             The game lasted 01:58:48 (25386 turns).

magipi the Frost Mage (GrEE)                       Turns: 25386, Time: 01:58:49

Health: 0/92       AC: 21    Str: 13    XL:     15   Next: 66%
Magic:  0/29       EV: 23    Int: 22    God:    Vehumet [*****.]
Gold:   2785       SH: 12    Dex: 10    Spells: 5/34 levels left

rFire   . . .        a - +4 dagger (elec)
rCold   + . .        n - +3 warlock's mirror {omnireflect}
rNeg    + . .        B - +2 robe {Will+}
rPois   ∞            R - +0 helmet
rElec   +            M - +0 cloak
rCorr   .            J - +0 pair of gloves
SInv    .            x - +2 pair of boots
Will    ++...        r - amulet of reflection
Stlth   ++           c - ring of protection from cold
HPRegen 0.35/turn    v - ring of the Hare {EV+10}
MPRegen 0.21/turn

%: reflection
@: freezing walls, flying
A: sickness immunity, AC +11, big wings, negative energy resistance 1,
electricity resistance, torment resistance 1, petrification resistance
a: Renounce Religion


You were on level 13 of the Dungeon.
You worshipped Vehumet.
Vehumet was extremely pleased with you.
You visited 4 branches of the dungeon, and saw 21 of its levels.

You collected 3110 gold pieces.
You spent 325 gold pieces at shops.

Inventory:

Hand Weapons
 a - a +4 dagger of electrocution (weapon)
   (You found it on level 5 of the Dungeon)
 b - a +4 trident
   (You took it off a wight on level 10 of the Dungeon)
Missiles
 G - 5 javelins
 T - 2 throwing nets
Armour
 n - the +3 warlock's mirror (worn) {omnireflect}
   (You found it on level 12 of the Dungeon)

   Omnireflect: It can block and reflect piercing ranged attacks and magical
   attacks against the wielder's willpower.
 x - a +2 pair of boots (worn)
   (You found it on level 4 of the Dungeon)
 B - a +2 robe of willpower (worn)
   (You found it on level 4 of the Dungeon)
 J - a +0 pair of gloves (worn)
   (You found it on level 8 of the Dungeon)
 M - a +0 cloak (worn)
   (You found it on level 10 of the Dungeon)
 R - a +0 helmet (worn)
   (You found it on level 5 of the Dungeon)
Jewellery
 c - a ring of protection from cold (left hand)
   (You bought it in a shop on level 12 of the Dungeon)
 i - a ring of see invisible
   (You found it on level 2 of the Lair of Beasts)
 k - a ring of fire
   (You found it on level 8 of the Dungeon)
 o - a ring of resist corrosion
   (You found it on level 7 of the Dungeon)
 r - an amulet of reflection (around neck)
   (You found it on level 5 of the Lair of Beasts)
 v - the ring of the Hare (right hand) {EV+10}
   (You acquired it on level 7 of the Dungeon)

   [ring of evasion]

   EV:        It affects your evasion (+10).
 E - a +4 ring of protection
   (You found it on level 1 of the Dungeon)
 W - a +5 ring of evasion
   (You found it on level 11 of the Dungeon)
Wands
 d - a wand of digging (2)
   (You found it on level 11 of the Dungeon)
 l - a wand of charming (22)
   (You found it on level 5 of the Dungeon)
 z - a wand of polymorph (8)
   (You found it on level 4 of the Dungeon)
 N - a wand of roots (7)
   (You took it off an orc wizard on level 10 of the Dungeon)
 P - a wand of flame (12)
   (You found it on level 3 of the Lair of Beasts)
 Q - a wand of mindburst (8)
   (You found it on level 3 of the Lair of Beasts)
 S - a wand of light (4)
   (You found it on level 5 of the Lair of Beasts)
Scrolls
 e - 9 scrolls of teleportation
 j - 5 scrolls of identify
 q - 3 scrolls of fear
 u - a scroll of noise
 y - a scroll of poison
 D - a scroll of summoning
 H - a scroll of immolation
 L - 2 scrolls of fog
 O - a scroll of blinking
 Y - 3 scrolls of vulnerability
 Z - a scroll of enchant weapon
Potions
 g - 5 potions of haste
 h - 10 potions of curing
 m - 4 potions of magic
 p - 4 potions of mutation
 s - a potion of might
 t - a potion of cancellation
 w - 3 potions of attraction
 A - 3 potions of berserk rage
 C - 4 potions of lignification
 F - a potion of heal wounds
 K - 2 potions of brilliance
 U - 2 potions of ambrosia
Miscellaneous
 f - a phantom mirror
   (You found it on level 5 of the Lair of Beasts)
 I - a lightning rod (4/4)
   (You found it on level 13 of the Dungeon)
 V - a condenser vane
   (You found it on level 11 of the Dungeon)
 X - a phial of floods (inert)
   (You found it on level 11 of the Dungeon)


   Skills:
 - Level 10.0 Fighting
 - Level 10.0 Short Blades
 - Level 6.0 Dodging
 - Level 2.1 Stealth
 + Level 2.7 Shields
 - Level 10.0 Spellcasting
 - Level 8.0 Conjurations
 + Level 6.5 Translocations
 - Level 6.0 Transmutations
 - Level 12.0 Ice Magic
 + Level 4.4 Air Magic
 - Level 12.0 Earth Magic


You had 5 spell levels left.
You knew the following spells:

 Your Spells              Type           Power      Damage    Failure   Level
a - Sandblast             Erth           100%       2d20      1%          1
b - Blink                 Tloc           78%        N/A       1%          2
f - Frozen Ramparts       Ice            100%       1d16      1%          3
g - Summon Lightning Spi  Summ/Air       20%        N/A       32%         4
l - Lee's Rapid Deconstr  Erth           29%        3d15*     1%          5
s - Stone Arrow           Conj/Erth      100%       3d13      1%          3
w - Passwall              Tmut/Erth      41%        N/A       1%          2
y - Petrify               Tmut/Erth      50%        N/A       1%          4
X - Irradiate             Conj/Tmut      20%        3d18      3%          5

Your spell library contained the following spells:

 Spells                   Type           Power      Damage    Failure   Level
 Spellforged Servitor     Conj/Summ      14%        N/A       95%         7
 Lesser Beckoning         Tloc           78%        N/A       1%          2
 Momentum Strike          Conj/Tloc      84%        3d10      1%          2
 Static Discharge         Conj/Air       76%        2-6/arc   1%          2
 Dazzling Flash           Conj/Hex       56%        N/A       1%          3
 Volatile Blastmotes      Fire/Tloc      50%        2d14      1%          3
 Iskenderun's Mystic Bla  Conj/Tloc      42%        2d10      1%          4
 Iskenderun's Battlesphe  Conj           46%        2d10      2%          5
 Airstrike                Air            15%        2d(3-19)  3%          4
 Passage of Golubria      Tloc           39%        N/A       5%          4
 Leda's Liquefaction      Hex/Erth       18%        N/A       7%          4
 Slow                     Hex            44%        N/A       9%          1
 Fireball                 Conj/Fire      14%        3d8       12%         5
 Confusing Touch          Hex            11%        N/A       24%         3
 Vampiric Draining        Necr           11%        2d6       24%         3
 Animate Dead             Necr           11%        N/A       63%         4
 Dispel Undead            Necr           11%        3d9       63%         4
 Silence                  Hex/Air        10%        N/A       67%         5
 Conjure Ball Lightning   Conj/Air       19%        3x3d6     24%         6
 Starburst                Conj/Fire      14%        6d6       50%         6
 Orb of Destruction       Conj           23%        9d8       52%         7
 Lehudib's Crystal Spear  Conj/Erth      26%        10d7      88%         8
 Death Channel            Necr           5%         N/A       100%        6
 Haunt                    Necr/Summ      5%         N/A       100%        7
 Infestation              Necr           5%         N/A       100%        8
 Cigotuvi's Dreadful Rot  Necr/Pois/Air  Unusable   N/A       N/A         2
 Statue Form              Tmut/Erth      Unusable   N/A       N/A         6

Dungeon Overview and Level Annotations

Branches:
Dungeon (13/15)            Temple (1/1) D:4            Lair (5/5) D:9
  Swamp (0/4) Lair:2        Snake (0/4) Lair:3        Slime (0/5) Lair:4
    Orc (2/2) D:9             Elf (0/3) Orc:2
 Vaults: D:13-14

Altars:
Ashenzari
Cheibriados
Dithmenos
Elyvilon
Fedhas
Gozag
Hepliaklqana
Kikubaaqudgha
Makhleb
Nemelex Xobeh
Okawaru
Ru
Sif Muna
Trog
Uskayaw
Vehumet
Wu Jian
Xom
Yredelemnul
Zin
The Shining One

Shops:
D:3 [   D:12 =   Orc:2 [(((

Portals:
Trove: D:10 (give +4 demon trident)

Annotations:
D:1 1 transporter
D:5 3 runed translucent doors, Suckerboh's ghost, amateur AtHu
Lair:5 2 transporters, exclusion: oklob plant, Amon001's ghost, journeyman MeFi
Orc:1 1 runed translucent door, NitroKuite's ghost, journeyman OpTm


Innate Abilities, Weirdness & Mutations

You are immune to sickness and miasma.
Your stone body is resilient. (AC +11)
You are immune to poison.
Your large and strong wings let you fly.
You resist negative energy. (rN+)
You are resistant to electric shocks. (rElec)
You are resistant to unholy torment.
You are immune to petrification.


Message History

Press: ? - help, Shift-Dir - straight line, f - tengu reaver
Aim: a tengu reaver, wielding a +2 great mace of protection and wearing a +0 ring mail (wandering, hasn't noticed you, 61% to hit)
The stone arrow hits the tengu reaver!
The tengu reaver is lightly wounded.
The tengu reaver shouts!
Casting: Stone Arrow (safe; 1% risk of failure)
Confirm with . or Enter, or press ? or * to list all spells.
Aiming: Stone Arrow (safe; 1% risk of failure)
Press: ? - help, Shift-Dir - straight line, f/p - tengu reaver
Aim: a tengu reaver, wielding a +2 great mace of protection and wearing a +0 ring mail (lightly wounded, 61% to hit)
The stone arrow misses the tengu reaver.
Unknown command.
Casting: Stone Arrow (safe; 1% risk of failure)
Confirm with . or Enter, or press ? or * to list all spells.
Casting: Frozen Ramparts (safe; 1% risk of failure)
Press: ? - help, Dir - look around, f - activate The walls around you are covered in ice.
The wall freezes the tengu reaver!
The wall freezes the tengu reaver.
The tengu reaver hits you with a +2 great mace of protection!!
The tengu reaver misses you. You block the tengu reaver's attack.
Unknown command.
Unknown command.
You completely miss the tengu reaver.
The tengu reaver is moderately wounded.
Unknown command.
Unknown command.
Aiming: Bolt of Light
Press: ? - help, Shift-Dir - straight line, f - fire giant
Aim: a fire giant, wielding a +3 great sword of flaming (94% to hit)
The bolt of light hits the tengu reaver!
The tengu reaver is moderately wounded.
The tengu reaver is blinded.
The bolt of light hits the fire giant!
The fire giant is lightly wounded.
The fire giant is blinded.
The wall freezes the tengu reaver.
The tengu reaver closely misses you. x2; The tengu reaver misses you.
The fire giant points at you and mumbles some strange words.
The bolt of fire hits the tengu reaver!!!
The bolt of fire hits you!!!
Ouch! That really hurt!
You die...

...........................#
...........................#
.......................###.#
...)..##########.......###.#
......#..#..#D.C...........#
......#..'.)'..#...........#
<.....##'#######...........#
###...#..# #Q#.........#
#...#..# #@#.........#
#...##+# #.#.....)...# #...#
#.....#.....# #...#
#.....#.....#
+...##########.#...#.....#
#..............#...#.....#
#..............#...#.....#
#........+.....#<........#
...########.....##........#


You could see a fire giant (blind) and a tengu reaver (wandering, blind).

Vanquished Creatures
  Kirke (Lair:3)
  An orc warlord (Orc:2)
  An ettin (D:13)
  Josephine (Orc:1)
  An ice dragon (D:13)
  7 hydras
  Erica (Lair:2)
  7 two-headed ogres
  2 centaur warriors (D:13)
  15 death yaks
  A boulder beetle (D:10)
  An orc high priest (Orc:2)
  Nergalle (Lair:2)
  A skyshark (Lair:4)
  A fire crab (D:9)
  2 goliath frogs (Lair:5)
  A bog body (Lair:2)
  4 lindwurms (D:11)
  A deep elf pyromancer (D:12)
  2 orc knights
  7 wizards (D:12)
  Pikel (D:8)
  2 cyclopes (D:12)
  4 orc sorcerers
  3 manticores
  2 ugly things
  3 centaur zombies (D:10)
  7 elephants (Lair:5)
  2 black mambas
  18 cane toads
  2 unseen horror zombies (D:10)
  Psyche (D:8)
  A kobold demonologist (D:12)
  An efreet (D:13)
  9 komodo dragons
  9 trolls
  A polar bear (Lair:5)
  Grinder (D:5)
  2 tyrant leeches (Lair:5)
  A slime creature (D:7)
  13 blink frogs (Lair:5)
  Sigmund (D:6)
  14 wraiths
  4 shadows
  A centaur simulacrum (D:13)
  3 vampires
  44 yaks
  2 wyverns
  3 fire bats (Lair:3)
  4 hogs (Lair:3)
  4 basilisks
  2 steam dragons (D:9)
  12 vampire mosquitoes
  6 wargs (Orc:2)
  Edmund (D:4)
  8 water moccasins
  2 acid dragons
  2 ice beasts
  33 orc warriors
  4 centaurs
  4 ogres
  A phantom (D:6)
  4 lemures (D:8)
  13 bullfrogs
  Blork the orc (D:6)
  8 wights
  3 killer bees (D:9)
  An electric eel (Lair:5)
  4 howler monkeys
  3 lava snakes
  2 hounds
  9 jellies
  19 orc priests
  A gnoll bouda (D:4)
  3 iguanas
  Jessica (D:2)
  A sleepcap (D:8)
  36 orc wizards
  A howler monkey zombie (D:10)
  8 adders
  10 gnolls
  A shadow imp (D:6)
  6 white imps
  5 worms
  4 dart slugs
  105 orcs
  9 endoplasms
  5 giant cockroaches
  9 goblins
  7 hobgoblins
  9 jackals
  7 quokkas
  8 ball pythons
  3 bats
  6 frilled lizards
  11 kobolds
  3 rats
623 creatures vanquished.

Vanquished Creatures (collateral kills)
  Jorgrun (D:12)
  A gargoyle (D:12)
2 creatures vanquished.

Vanquished Creatures (others)
  8 fungi
  85 plants
93 creatures vanquished.

Grand Total: 718 creatures vanquished

Notes
Turn   | Place    | Note
-------+----------+-------------------------------------------
     0 | D:1      | magipi the Gargoyle Earth Elementalist began the quest for
                  | the Orb.
     0 | D:1      | Reached XP level 1. HP: 10/10 MP: 3/3
   116 | D:1      | Reached skill level 1 in Transmutations
   149 | D:1      | Reached XP level 2. HP: 15/15 MP: 0/5
   579 | D:1      | Learned a level 2 spell: Passwall
   656 | D:1      | Reached XP level 3. HP: 19/19 MP: 3/6
  1001 | D:2      | Found a hazy altar of Hepliaklqana.
  1327 | D:2      | Reached XP level 4. HP: 24/24 MP: 5/7
  1333 | D:2      | Learned a level 3 spell: Stone Arrow
  1571 | D:2      | Reached skill level 1 in Conjurations
  1611 | D:2      | Reached skill level 5 in Earth Magic
  1736 | D:2      | Noticed Jessica
  1739 | D:2      | Found a faded altar of an unknown god.
  1742 | D:2      | Killed Jessica
  1743 | D:2      | Reached XP level 5. HP: 28/28 MP: 6/9
  2296 | D:3      | Found Eckam's Armour Shop.
  2843 | D:4      | Learned a level 2 spell: Blink
  3083 | D:4      | Reached XP level 6. HP: 32/32 MP: 6/10
  3361 | D:4      | Noticed a water moccasin
  3369 | D:4      | Killed a water moccasin
  3370 | D:4      | Reached skill level 1 in Translocations
  3524 | D:4      | Noticed Edmund
  3539 | D:4      | Killed Edmund
  3540 | D:4      | Reached XP level 7. HP: 32/36 MP: 1/12
  3692 | D:4      | Found a staircase to the Ecumenical Temple.
  3706 | Temple   | Entered the Ecumenical Temple
  3790 | Temple   | Became a worshipper of Vehumet
  3916 | D:5      | Entered Level 5 of the Dungeon
  4001 | D:5      | Identified a scroll of acquirement
  4001 | D:5      | Acquired 1110 gold pieces
  4005 | D:5      | Noticed Grinder
  4162 | D:5      | Identified the +1 pair of boots of the Four Baking Deaths
                  | {Harm Fly rC- Regen+}
  4417 | D:5      | Found a runed translucent gate.
  4417 | D:5      | Found a runed translucent gate.
  4417 | D:5      | Found a runed translucent gate.
  4500 | D:5      | Noticed Suckerboh's ghost (amateur AtHu)
  4505 | D:5      | Killed Grinder
  4506 | D:5      | Reached skill level 5 in Conjurations
  4940 | D:6      | Noticed Blork the orc
  4946 | D:6      | Killed Blork the orc
  4947 | D:6      | Reached XP level 8. HP: 41/41 MP: 6/14
  5149 | D:6      | Reached * piety under Vehumet
  5149 | D:6      | Offered knowledge of Magic Dart by Vehumet.
  5155 | D:6      | Learned a level 4 spell: Petrify
  5458 | D:6      | Noticed Sigmund
  5461 | D:6      | Killed Sigmund
  5949 | D:6      | Found a snail-covered altar of Cheibriados.
  5949 | D:6      | Found an ancient bone altar of Kikubaaqudgha.
  5954 | D:6      | Found a faded altar of an unknown god.
  5956 | D:6      | Found a faded altar of an unknown god.
  5957 | D:6      | Found a bloodstained altar of Trog.
  6213 | D:7      | Noticed a wyvern
  6217 | D:7      | Killed a wyvern
  6342 | D:7      | Noticed a yak
  6666 | D:7      | Acquired the ring of the Hare {EV+10}
  6666 | D:7      | Found the ring of the Hare {EV+10}
  6681 | D:7      | Reached XP level 9. HP: 45/45 MP: 13/15
  6931 | D:7      | You fall into a shaft and drop 3 floors!
  6931 | D:10     | Entered Level 10 of the Dungeon
  7157 | D:10     | Noticed a troll
  7203 | D:8      | Identified the +0 robe "Apahy" {rF+ rN+ Str+4}
  7210 | D:8      | Noticed Pikel
  7263 | D:9      | Noticed a fire crab
  7288 | D:9      | Noticed a troll
  7389 | D:8      | Reached ** piety under Vehumet
  7390 | D:8      | Offered knowledge of Searing Ray by Vehumet.
  7905 | D:7      | Reached skill level 5 in Spellcasting
  8075 | D:7      | Reached skill level 1 in Fighting
  8133 | D:7      | Reached skill level 1 in Short Blades
  8335 | D:8      | Noticed Psyche
  8357 | D:8      | Killed Psyche
  8358 | D:8      | Reached XP level 10. HP: 51/54 MP: 13/19
  8638 | D:8      | Killed Pikel
  9769 | D:9      | Offered knowledge of Frozen Ramparts by Vehumet.
  9772 | D:9      | Reached skill level 5 in Transmutations
  9803 | D:8      | Learned a level 3 spell: Frozen Ramparts
 10050 | D:9      | Reached skill level 1 in Ice Magic
 10270 | D:9      | Found a staircase to the Lair.
 10278 | D:9      | Killed a fire crab
 10413 | D:9      | Reached *** piety under Vehumet
 10418 | D:9      | Found a staircase to the Orcish Mines.
 10559 | D:10     | Noticed a two-headed ogre
 10568 | D:10     | Killed a two-headed ogre
 10569 | D:10     | Reached skill level 5 in Ice Magic
 10569 | D:10     | Reached XP level 11. HP: 61/61 MP: 11/20
 10771 | D:10     | Noticed a two-headed ogre
 10777 | D:10     | Killed a two-headed ogre
 11155 | D:10     | Offered knowledge of Olgreb's Toxic Radiance by Vehumet.
 11636 | D:10     | Found a portal to a secret trove of treasure.
 11934 | D:11     | Noticed a two-headed ogre
 11985 | D:11     | Noticed a two-headed ogre
 11989 | D:11     | Killed a two-headed ogre
 11990 | D:11     | Reached skill level 10 in Ice Magic
 12058 | D:11     | Reached skill level 5 in Fighting
 12250 | D:11     | Noticed a boulder beetle
 12484 | D:11     | Noticed a lindwurm
 12484 | D:11     | Noticed a lindwurm
 12507 | D:11     | Noticed a lindwurm
 12788 | Orc:1    | Entered Level 1 of the Orcish Mines
 12835 | Orc:1    | Noticed an orc knight
 12836 | Orc:1    | Noticed an orc sorcerer
 12895 | D:9      | Reached **** piety under Vehumet
 12911 | Orc:1    | Killed an orc sorcerer
 12912 | Orc:1    | Reached XP level 12. HP: 70/70 MP: 14/21
 13179 | Orc:1    | Noticed a two-headed ogre
 13187 | Orc:1    | Killed a two-headed ogre
 13374 | Orc:1    | Noticed Josephine
 13434 | Orc:1    | Killed Josephine
 13434 | Orc:1    | Offered knowledge of Hailstorm by Vehumet.
 13519 | Orc:1    | Noticed NitroKuite's ghost (journeyman OpTm)
 13527 | Orc:1    | Found a runed translucent door.
 13595 | Orc:1    | Reached skill level 5 in Short Blades
 13595 | Orc:1    | Reached skill level 5 in Dodging
 14023 | Lair:1   | Entered Level 1 of the Lair of Beasts
 14155 | Lair:1   | Noticed an eight-headed hydra
 14159 | Lair:1   | Killed an eight-headed hydra
 14406 | Lair:1   | Learned a level 5 spell: Lee's Rapid Deconstruction
 15085 | Lair:2   | Found a staircase to the Swamp.
 15089 | Lair:2   | Noticed a five-headed hydra
 15096 | Lair:2   | Killed a five-headed hydra
 15405 | Lair:2   | Noticed Erica
 15413 | Lair:2   | Killed Erica
 15513 | Lair:2   | Noticed a six-headed hydra
 15520 | Lair:2   | Killed a six-headed hydra
 15685 | Lair:2   | Noticed Nergalle
 15916 | Lair:2   | Killed Nergalle
 16086 | Lair:2   | Reached XP level 13. HP: 74/74 MP: 14/23
 16384 | Lair:3   | Found a staircase to the Snake Pit.
 16389 | Lair:3   | Noticed Kirke
 16465 | Lair:3   | Killed Kirke
 16793 | Lair:3   | You fall into a shaft and drop 2 floors!
 16793 | Lair:5   | Entered Level 5 of the Lair of Beasts
 16793 | Lair:5   | Found a transporter.
 16793 | Lair:5   | Found a transporter.
 16813 | Lair:5   | Reached skill level 10 in Earth Magic
 17658 | Lair:4   | Reached ***** piety under Vehumet
 17758 | Lair:4   | Offered knowledge of Fireball by Vehumet.
 18025 | Lair:4   | Found a staircase to the Slime Pits.
 18284 | Lair:4   | Identified the +6 hand axe of the Fabulous God {pain, rElec
                  | SInv}
 18690 | Lair:5   | Gained mutation: Your large and strong wings let you fly.
                  | [Gargoyle growth]
 18690 | Lair:5   | Reached XP level 14. HP: 76/80 MP: 13/26
 19506 | Lair:4   | Reached skill level 10 in Short Blades
 19939 | Lair:5   | Noticed Amon001's ghost (journeyman MeFi)
 20433 | Orc:2    | Entered Level 2 of the Orcish Mines
 20433 | Orc:2    | Found a staircase to the Elven Halls.
 20608 | Orc:2    | Found Boedullu's Weapon Shoppe.
 20957 | Orc:2    | Offered knowledge of Irradiate by Vehumet.
 20968 | Orc:2    | Learned a level 5 spell: Irradiate
 21209 | Orc:2    | Reached skill level 10 in Fighting
 21814 | Orc:2    | Noticed an orc warlord
 21854 | Orc:2    | Killed an orc warlord
 21914 | Orc:2    | Found Samnoo's Antique Weapon Shop.
 21918 | Orc:2    | Found Hiuhifum's Antique Armour Boutique.
 22231 | Orc:2    | Offered knowledge of Spellforged Servitor by Vehumet.
 22237 | Orc:2    | Found Usmeru's Antique Weapon Emporium.
 22284 | Orc:2    | Found a shimmering blue altar of Sif Muna.
 22418 | D:10     | Reached XP level 15. HP: 40/92 MP: 12/28
 22570 | D:10     | Learned a level 4 spell: Summon Lightning Spire
 22739 | D:11     | Reached skill level 1 in Air Magic
 23162 | D:12     | Identified the +0 ring mail of the Black Skies {rF+}
 23329 | D:12     | Reached skill level 5 in Translocations
 23363 | D:12     | Reached skill level 10 in Spellcasting
 23731 | D:12     | Found Udaon's Jewellery Emporium.
 23736 | D:12     | Bought a ring of protection from cold for 325 gold pieces
 23798 | D:12     | Noticed Jorgrun
 23810 | D:12     | Killed Jorgrun
 24300 | D:12     | Found the +3 warlock's mirror {omnireflect}
 24516 | D:12     | Reached skill level 1 in Shields
 25273 | D:13     | Found a runed translucent door.
 25350 | D:13     | Noticed a fire giant
 25380 | D:13     | Noticed a tengu reaver
 25386 | D:13     | Killed from afar by a fire giant

Illustrated notes

Levels and vault maps discovered:
D:1:      spicycebolla_arrival_risky_transporter, layout_loops_ring
D:2:      layout_basic, basic_ecumenical_altar, basic_altar, uniq_jessica
D:3:      wander_river, layout_basic, serial_shops, shop, kennysheep_nub,
          eino_tiny_chamber, minmay_quadrilaterals
D:4:      layout_gridville, minmay_temple_entry_slanted, minmay_quantized,
          uniq_edmund
D:5:      layout_loops_ring, gammafunk_ghost_icy, uniq_grinder
D:6:      layout_gridville, chequers_temple_overflow_minitemple, serial_glass,
          glass_columns_b, glass_columns_b, item_on_display_a, uniq_sigmund,
          uniq_blork_the_orc
D:7:      minmay_blocky_corners, layout_basic
D:8:      layout_gridville, uniq_psyche, uniq_pikel
D:9:      layout_cave_pools, minmay_lair_entry_lava, david_orc_5,
          minmay_misc_feat_more_columns
D:10:     layout_roguey, enter_trove_3, serial_undead, serial_undead_a,
          serial_undead_f, serial_undead_e, serial_undead_e, serial_undead_e,
          serial_undead_c
D:11:     layout_loops_ring, eino_small_chamber_without_monster, minmay_holes,
          minmay_misc_feat_enclosed, kennysheep_path_1, minmay_lindwurm_lava
D:12:     minmay_smoke_and_mirrors, layout_basic, serial_shops,
          kennysheep_little_box, minmay_starry_boxes, uniq_jorgrun
D:13:     layout_stronghold, hangedman_vaults_entry_quadrant_bands, minivault_13
Temple:   nicolae_temple_bog_church
Lair:1:   layout_regular_city, nicolae_lair_lil_pond
Lair:2:   layout_roguey, skrybe_swamp_entry_bodies, uniq_nergalle, uniq_erica
Lair:3:   layout_gridlike, guppyfry_snake_entry_garden, grunt_megastairs_5,
          serial_bayou_shore_a, uniq_kirke
Lair:4:   layout_regular_city, minmay_slime_entry_jelly_boxes
Lair:5:   minmay_lair_end_frog_pond, layout_hall_layers, nzn_ghost_randoct
Orc:1:    layout_caves, hellmonk_ghost_happy_afterlife, basic_altar,
          mines4_lemuel, uniq_josephine
Orc:2:    grunt_orc_community_town_hall, layout_caves,
          grunt_orc_community_big_house_2, grunt_orc_community_big_house_1,
          grunt_orc_community_house_2, grunt_orc_community_house_2,
          grunt_orc_community_house_3, grunt_orc_community_house_3,
          grunt_orc_community_house_2, grunt_orc_community_house_3,
          kennysheep_orc_sif_temple

Skill      XL: |  1  2  3  4  5  6  7  8  9 10 11 12 13 14 15 |
---------------+----------------------------------------------+-----
Transmutations | 1 2 3 4 6 |  6.0
Earth Magic    | 4 5 6 7 8 9 12 | 12.0
Conjurations   | 1 2 4 5 7 8 |  8.0
Spellcasting   | 3 4 6 7 8 9 10 | 10.0
Translocations | 1 2 3 4 6 |  6.5
Fighting       | 2 4 6 10 | 10.0
Short Blades   | 1 3 6 7 10 | 10.0
Dodging        | 2 3 6 |  6.0
Ice Magic      | 5 10 12 | 12.0
Air Magic      | 4 |  4.4
Shields        | 2 |  2.7
Stealth        | |  2.1

Action                     |  1- 3 |  4- 6 |  7- 9 | 10-12 | 13-15 || total
---------------------------+-------+-------+-------+-------+-------++-------
  Melee: Unarmed           |     6 |       |       |       |       ||     6
         Dagger            |       |     9 |     1 |   145 |   663 ||   818
         Punch             |       |       |       |     4 |    10 ||    14
   Cast: Sandblast         |    44 |   100 |   151 |   242 |   226 ||   763
         Stone Arrow       |       |     4 |    26 |   130 |   143 ||   303
         Passwall          |       |     1 |       |     4 |     1 ||     6
         Petrify           |       |       |       |     7 |     2 ||     9
         Frozen Ramparts   |       |       |       |    15 |   101 ||   116
  Evoke: Wand              |       |       |       |     2 |    12 ||    14
         Phial of floods   |       |       |       |       |     1 ||     1
    Use: Scroll            |       |       |    28 |     2 |     4 ||    34
         Potion            |       |       |       |       |     2 ||     2
   Stab: Sleeping          |       |     1 |       |     3 |     2 ||     6
         Petrified         |       |       |       |    21 |     6 ||    27
 Armour: Robe              |    13 |    36 |    39 |   124 |   178 ||   390
  Dodge: Dodged            |    13 |    48 |    55 |   471 |   635 ||  1222
  Block: Other             |       |       |       |       |   125 ||   125
         Reflection        |       |       |       |       |    10 ||    10
         Buckler           |       |       |       |       |    27 ||    27

Action                     |  1- 3 |  4- 6 |  7- 9 | 10-12 | 13-15 || total
---------------------------+-------+-------+-------+-------+-------++-------
  Melee: Unarmed           |     6 |       |       |       |       ||     6
         Dagger            |       |     9 |     1 |   145 |   663 ||   818
         Punch             |       |       |       |     4 |    10 ||    14
   Cast: Sandblast         |    44 |   100 |   151 |   242 |   226 ||   763
         Stone Arrow       |       |     4 |    26 |   130 |   143 ||   303
         Passwall          |       |     1 |       |     4 |     1 ||     6
         Petrify           |       |       |       |     7 |     2 ||     9
         Frozen Ramparts   |       |       |       |    15 |   101 ||   116
  Evoke: Wand              |       |       |       |     2 |    12 ||    14
         Phial of floods   |       |       |       |       |     1 ||     1
    Use: Scroll            |       |       |    28 |     2 |     4 ||    34
         Potion            |       |       |       |       |     2 ||     2
   Stab: Sleeping          |       |     1 |       |     3 |     2 ||     6
         Petrified         |       |       |       |    21 |     6 ||    27
 Armour: Robe              |    13 |    36 |    39 |   124 |   178 ||   390
  Dodge: Dodged            |    13 |    48 |    55 |   471 |   635 ||  1222
  Block: Other             |       |       |       |       |   125 ||   125
         Reflection        |       |       |       |       |    10 ||    10
         Buckler           |       |       |       |       |    27 ||    27
